% Time on Ice - OKANAGAN RATTLESNAKES
Lines # - Real PCT - Wanted PCT - Time Play
Normal Forward
1 - 34% - 36% - 16:15
2 - 30% - 31% - 14:20
3 - 21% - 23% - 10:00
4 - 16% - 10% - 7:37
Normal Defense
1 - 36% - 36% - 17:20
2 - 31% - 31% - 15:01
3 - 30% - 23% - 14:30
4 - 3% - 10% - 1:21
PP Forward
1 - 48% - 55% - 3:45
2 - 52% - 45% - 4:05
PP Defense
1 - 52% - 55% - 4:05
2 - 48% - 45% - 3:45
PK Forward
1 - 58% - 55% - 2:18
2 - 42% - 45% - 1:40
PK Defense
1 - 43% - 55% - 1:43
2 - 57% - 45% - 2:15
PK3 Forward
1 - 0% - 55%
2 - 0% - 45%
PK3 Defense
1 - 0% - 55%
2 - 0% - 45%
44 Forward
1 - 0% - 55%
2 - 0% - 45%
44 Defense
1 - 0% - 55%
2 - 0% - 45%
Last Minute Offensive  - 0:00
Last Minute Defensive  - 0:00
Total
Forward - 60:00
Defense - 60:00
% Time on Ice - ANCHORAGE ACES
Lines # - Real PCT - Wanted PCT - Time Play
Normal Forward
1 - 31% - 33% - 14:57
2 - 32% - 33% - 15:12
3 - 29% - 31% - 14:09
4 - 8% - 3% - 3:54
Normal Defense
1 - 35% - 35% - 17:02
2 - 36% - 35% - 17:17
3 - 25% - 23% - 12:17
4 - 3% - 7% - 1:36
PP Forward
1 - 51% - 50% - 2:01
2 - 49% - 50% - 1:57
PP Defense
1 - 49% - 55% - 1:57
2 - 51% - 45% - 2:01
PK Forward
1 - 63% - 55% - 4:58
2 - 37% - 45% - 2:52
PK Defense
1 - 60% - 55% - 4:41
2 - 40% - 45% - 3:09
PK3 Forward
1 - 0% - 55%
2 - 0% - 45%
PK3 Defense
1 - 0% - 55%
2 - 0% - 45%
44 Forward
1 - 0% - 55%
2 - 0% - 45%
44 Defense
1 - 0% - 55%
2 - 0% - 45%
Last Minute Offensive  - 0:00
Last Minute Defensive  - 0:00
Total
Forward - 60:00
Defense - 60:00
Play-by-Play 1st period 0:01 of 1st period - Jujhar Khaira wins face-off versus Connor McDavid in neutral zone. 0:04 of 1st period - Seth Jones is hit by Anders Lee and loses puck. 1:46 of 1st period - Icing by Casey Cizikas. 1:47 of 1st period - Erik Haula wins face-off versus Casey Cizikas in OKANAGAN RATTLESNAKES zone. 1:47 of 1st period - Yegor Sharangovich is hit by Jordie Benn and loses puck. 1:54 of 1st period - Shot by Yegor Sharangovich. 1:54 of 1st period - Stopped by James Reimer without a rebound. 1:55 of 1st period - Phillip Danault wins face-off versus Oskar Sundqvist in OKANAGAN RATTLESNAKES zone. 2:00 of 1st period - Shot by Alexander DeBrincat. 2:00 of 1st period - Shot Misses the Net. 2:05 of 1st period - Off-side. 2:06 of 1st period - Casey Cizikas wins face-off versus Erik Haula in neutral zone. 2:34 of 1st period - Icing by Arber Xhekaj. 2:35 of 1st period - Phillip Danault wins face-off versus Casey Cizikas in OKANAGAN RATTLESNAKES zone. 3:07 of 1st period - Off-side. 3:08 of 1st period - Erik Haula wins face-off versus Jujhar Khaira in neutral zone. 3:11 of 1st period - Jujhar Khaira is hit by Yegor Sharangovich and loses puck. 3:20 of 1st period - Shot by Marcus Johansson. 3:20 of 1st period - Stopped by James Reimer with a rebound. 3:22 of 1st period - Shot by Erik Haula. 3:22 of 1st period - Shot Misses the Net. 3:28 of 1st period - Shot by Yegor Sharangovich. 3:28 of 1st period - Stopped by James Reimer without a rebound. 3:29 of 1st period - Phillip Danault wins face-off versus Blake Coleman in OKANAGAN RATTLESNAKES zone. 3:32 of 1st period - Shot by Phillip Danault. 3:32 of 1st period - Shot Misses the Net. 3:37 of 1st period - Off-side. 3:38 of 1st period - Lars Eller wins face-off versus Phillip Danault in neutral zone. 3:41 of 1st period - Shot by Blake Coleman. 3:41 of 1st period - Shot Misses the Net. 5:17 of 1st period - Shot by Anders Lee. 5:17 of 1st period - Shot Misses the Net. 5:36 of 1st period - T.J. Oshie is hit by Jack Johnson and loses puck. 5:57 of 1st period - Shot by Connor McDavid. 5:57 of 1st period - Shot Blocked by Nazem Kadri. 6:13 of 1st period - Shot by Nazem Kadri. 6:13 of 1st period - Shot Blocked by Connor McDavid. 6:19 of 1st period - Shot by Nazem Kadri. 6:19 of 1st period - Shot Misses the Net. 6:21 of 1st period - Shot by Oskar Sundqvist. 6:21 of 1st period - Shot Misses the Net. 6:23 of 1st period - Shot by Pierre-Edouard Bellemare. 6:23 of 1st period - Stopped by Darcy Kuemper without a rebound. 6:24 of 1st period - Casey Cizikas wins face-off versus Phillip Danault in ANCHORAGE ACES zone. 6:57 of 1st period - Casey Cizikas is hit by Alexander DeBrincat and loses puck. 8:47 of 1st period - Minor Penalty to Adam Clendening for Interference. 8:48 of 1st period - Connor McDavid wins face-off versus Casey Cizikas in OKANAGAN RATTLESNAKES zone. 8:56 of 1st period - Shot by Connor McDavid. 8:56 of 1st period - Shot Blocked by Colton Parayko. 9:04 of 1st period - Shot by Chris Kreider. 9:04 of 1st period - Shot Misses the Net. 9:08 of 1st period - Shot by Alexander DeBrincat. 9:08 of 1st period - Stopped by James Reimer with a rebound. 9:21 of 1st period - Icing by Filip Hronek. 9:22 of 1st period - Connor McDavid wins face-off versus Anders Lee in ANCHORAGE ACES zone. 9:29 of 1st period - Shot by Alexander DeBrincat. 9:29 of 1st period - Stopped by James Reimer without a rebound. 9:30 of 1st period - Casey Cizikas wins face-off versus Phillip Danault in OKANAGAN RATTLESNAKES zone. 10:03 of 1st period - Shot by Phillip Danault. 10:03 of 1st period - Stopped by James Reimer without a rebound. 10:04 of 1st period - Anders Lee wins face-off versus Connor McDavid in OKANAGAN RATTLESNAKES zone. 10:25 of 1st period - Shot by Chris Kreider. 10:25 of 1st period - Stopped by James Reimer without a rebound. 10:26 of 1st period - Phillip Danault wins face-off versus Casey Cizikas in OKANAGAN RATTLESNAKES zone. 10:39 of 1st period - Shot by Seth Jones. 10:39 of 1st period - Shot Blocked by Jujhar Khaira. 10:58 of 1st period - Icing by Nazem Kadri. 10:59 of 1st period - Phillip Danault wins face-off versus Oskar Sundqvist in OKANAGAN RATTLESNAKES zone. 11:01 of 1st period - Chris Kreider is hit by Colton Parayko and loses puck. 11:09 of 1st period - Icing by Colton Parayko. 11:10 of 1st period - Connor McDavid wins face-off versus Oskar Sundqvist in OKANAGAN RATTLESNAKES zone. 11:10 of 1st period - Alex Killorn is hit by Colton Parayko and loses puck. 11:31 of 1st period - Shot by Nazem Kadri. 11:31 of 1st period - Shot Misses the Net. 11:43 of 1st period - Shot by Nazem Kadri. 11:43 of 1st period - Shot Misses the Net. 12:13 of 1st period - Shot by Phillip Danault. 12:13 of 1st period - Shot Misses the Net. 12:25 of 1st period - Shot by Anders Lee. 12:25 of 1st period - Stopped by Darcy Kuemper without a rebound. 12:26 of 1st period - Marcus Johansson wins face-off versus Casey Cizikas in ANCHORAGE ACES zone. 13:02 of 1st period - Shot by Marcus Johansson. 13:02 of 1st period - Shot Misses the Net. 13:04 of 1st period - Shot by Marcus Johansson. 13:04 of 1st period - Stopped by James Reimer without a rebound. 13:05 of 1st period - Phillip Danault wins face-off versus Lars Eller in OKANAGAN RATTLESNAKES zone. 13:18 of 1st period - Shot by Chris Kreider. 13:18 of 1st period - Stopped by James Reimer without a rebound. 13:19 of 1st period - Connor McDavid wins face-off versus Jujhar Khaira in OKANAGAN RATTLESNAKES zone. 13:22 of 1st period - Shot by Connor McDavid. 13:22 of 1st period - Shot Misses the Net. 13:24 of 1st period - Shot by Nathan MacKinnon. 13:24 of 1st period - Shot Misses the Net. 13:52 of 1st period - Shot by T.J. Oshie. 13:52 of 1st period - Stopped by Darcy Kuemper with a rebound. 14:02 of 1st period - Shot by Connor McDavid. 14:02 of 1st period - Deflect By Alex Killorn. 14:02 of 1st period - Stopped by James Reimer without a rebound. 14:03 of 1st period - Phillip Danault wins face-off versus Lars Eller in OKANAGAN RATTLESNAKES zone. 14:12 of 1st period - Shot by Phillip Danault. 14:12 of 1st period - Shot Hit the Post. 14:22 of 1st period - Icing by Colton Parayko. 14:23 of 1st period - Lars Eller wins face-off versus Erik Haula in OKANAGAN RATTLESNAKES zone. 14:23 of 1st period - Blake Coleman is hit by Marcus Johansson and loses puck. 14:38 of 1st period - Shot by Mike Hoffman. 14:38 of 1st period - Shot Misses the Net. 15:06 of 1st period - Shot by Yegor Sharangovich. 15:06 of 1st period - Shot Misses the Net. 15:50 of 1st period - Shot by Anders Lee. 15:50 of 1st period - Deflect By T.J. Oshie. 15:50 of 1st period - Stopped by Darcy Kuemper without a rebound. 15:51 of 1st period - Casey Cizikas wins face-off versus Connor McDavid in ANCHORAGE ACES zone. 15:52 of 1st period - Shot by Stefan Noesen. 15:52 of 1st period - Stopped by Darcy Kuemper with a rebound. 15:54 of 1st period - Shot by Kevin Labanc. 15:54 of 1st period - Stopped by Darcy Kuemper without a rebound. 15:55 of 1st period - Casey Cizikas wins face-off versus Connor McDavid in ANCHORAGE ACES zone. 15:55 of 1st period - Casey Cizikas is hit by Jakob Chychrun. 16:09 of 1st period - Casey Cizikas is hit by Jakob Chychrun and loses puck. 16:14 of 1st period - Shot by Kevin Labanc. 16:14 of 1st period - Stopped by Darcy Kuemper with a rebound. 16:16 of 1st period - Shot by Kevin Labanc. 16:16 of 1st period - Deflect By Stefan Noesen. 16:16 of 1st period - Shot Misses the Net. 16:22 of 1st period - Shot by Kevin Labanc. 16:22 of 1st period - Stopped by Darcy Kuemper without a rebound. 16:23 of 1st period - Phillip Danault wins face-off versus Jujhar Khaira in ANCHORAGE ACES zone. 16:23 of 1st period - Phillip Danault is hit by T.J. Oshie. 16:26 of 1st period - Chris Kreider is hit by Jujhar Khaira and loses puck. 16:42 of 1st period - Icing by Anders Lee. 16:43 of 1st period - Jujhar Khaira wins face-off versus Connor McDavid in OKANAGAN RATTLESNAKES zone. 16:52 of 1st period - Shot by Jujhar Khaira. 16:52 of 1st period - Stopped by Darcy Kuemper without a rebound. 16:53 of 1st period - Casey Cizikas wins face-off versus Phillip Danault in ANCHORAGE ACES zone. 17:56 of 1st period - Alex Killorn is hit by Casey Cizikas and loses puck. 18:21 of 1st period - Shot by Connor McDavid. 18:21 of 1st period - Deflect By Alex Killorn. 18:21 of 1st period - Stopped by James Reimer with a rebound. 18:40 of 1st period - Shot by Jujhar Khaira. 18:40 of 1st period - Shot Misses the Net. Goals for this period are 0 for OKANAGAN RATTLESNAKES vs 0 for ANCHORAGE ACES. Shots for this period are 9 for OKANAGAN RATTLESNAKES vs 11 for ANCHORAGE ACES. 2nd period 0:01 of 2nd period - Chris Kreider wins face-off versus Jujhar Khaira in neutral zone. 0:07 of 2nd period - Alexander DeBrincat is hit by Esa Lindell and loses puck. 0:23 of 2nd period - Minor Penalty to Alexander DeBrincat for Delaying the game. 0:24 of 2nd period - Phillip Danault wins face-off versus Lars Eller in ANCHORAGE ACES zone. 0:43 of 2nd period - Shot by Blake Coleman. 0:43 of 2nd period - Shot Misses the Net. 0:53 of 2nd period - Shot by Blake Coleman. 0:53 of 2nd period - Stopped by Darcy Kuemper without a rebound. 0:54 of 2nd period - Jujhar Khaira wins face-off versus Erik Haula in ANCHORAGE ACES zone. 1:30 of 2nd period - Icing by Colton Parayko. 1:31 of 2nd period - Jujhar Khaira wins face-off versus Erik Haula in OKANAGAN RATTLESNAKES zone. 2:14 of 2nd period - Shot by Lars Eller. 2:14 of 2nd period - Shot Misses the Net. 2:16 of 2nd period - Shot by Lars Eller. 2:16 of 2nd period - Deflect By Mike Hoffman. 2:16 of 2nd period - Goal by Mike Hoffman - OKANAGAN RATTLESNAKES : 1 - ANCHORAGE ACES : 0. 2:17 of 2nd period - Oskar Sundqvist wins face-off versus Connor McDavid in neutral zone. 2:44 of 2nd period - Shot by Nazem Kadri. 2:44 of 2nd period - Shot Misses the Net. 2:46 of 2nd period - Shot by Oskar Sundqvist. 2:46 of 2nd period - Shot Blocked by Filip Hronek. 2:48 of 2nd period - Shot by Oskar Sundqvist. 2:48 of 2nd period - Stopped by Darcy Kuemper without a rebound. 2:49 of 2nd period - Erik Haula wins face-off versus Lars Eller in ANCHORAGE ACES zone. 2:49 of 2nd period - Erik Haula is hit by Blake Coleman. 2:59 of 2nd period - Shot by Marcus Johansson. 2:59 of 2nd period - Stopped by James Reimer with a rebound. 3:21 of 2nd period - Shot by Blake Coleman. 3:21 of 2nd period - Stopped by Darcy Kuemper without a rebound. 3:22 of 2nd period - Jujhar Khaira wins face-off versus Phillip Danault in ANCHORAGE ACES zone. 3:55 of 2nd period - Icing by Jujhar Khaira. 3:56 of 2nd period - Jujhar Khaira wins face-off versus Connor McDavid in OKANAGAN RATTLESNAKES zone. 4:01 of 2nd period - Jeremy Lauzon is hit by Alex Killorn and loses puck. 4:56 of 2nd period - Shot by Yegor Sharangovich. 4:56 of